 Dungeon Crawl Stone Soup version 0.20.1 (webtiles) character file.

382 KleinerIrrer the Covered (level 6, -1/47 HPs)
             Began as a Demonspawn Gladiator on July 2, 2017.
             Slain by a mummy (12 damage)
             ... in an ossuary.
             The game lasted 00:09:11 (3086 turns).

KleinerIrrer the Covered (Demonspawn Gladiator)     Turns: 3086, Time: 00:09:12

Health: -1/47      AC: 15    Str: 21    XL:     6   Next: 47%
Magic:  6/6        EV:  9    Int:  9    God:
Gold:   181        SH:  0    Dex: 15    Spells: 5/5 levels left

rFire    . . .     SeeInvis .   p - +1 whip (drain)
rCold    + . .     Gourm    .   (no shield)
rNeg     + . .     Faith    .   w - +2 chain mail {rC+}
rPois    .         Spirit   .   c - +1 helmet
rElec    .         Reflect  .   (no cloak)
rCorr    .         Harm     .   (no gloves)
MR       .....                  (no boots)
Stlth    ..........             x - amulet of regeneration
Regen    0.6/turn               h - ring of positive energy
MPRegen  0.1/turn               l - ring of stealth

@: mighty
A: slimy green scales 1, foul stench 1, rot immunity
a: no special abilities


You were in an ossuary.
You were hungry.

You visited 1 branch of the dungeon, and saw 4 of its levels.
You also visited: Sewer and Ossuary.

You collected 181 gold pieces.

Inventory:

Hand Weapons
 a - a +0 quarterstaff
 e - a +1 mace of draining
 p - a +1 whip of draining (weapon)
Missiles
 d - 3 throwing nets (quivered)
Armour
 c - a +1 helmet (worn)
 w - a +2 chain mail of cold resistance (worn)
Jewellery
 h - a ring of positive energy (left hand)
 l - a ring of stealth (right hand)
 q - an uncursed amulet of guardian spirit
 x - an amulet of regeneration (around neck)
Wands
 v - a wand of random effects (22/48)
Scrolls
 j - 2 scrolls of teleportation
 t - 2 scrolls of identify
Potions
 b - a potion of agility
 g - 2 potions of might
 i - 3 potions of brilliance {unknown}
 n - a potion of cancellation {unknown}
 o - 3 potions of heal wounds {unknown}
 s - 8 potions of curing {unknown}
Comestibles
 f - 5 bread rations
 k - a fruit
 m - 2 meat rations
 r - 2 royal jellies


   Skills:
 + Level 3.5 Fighting
 - Level 3.3 Staves
 - Level 1.7 Throwing
 * Level 4.2 Armour
 + Level 3.6 Dodging


You had 5 spell levels left.
You didn't know any spells.

Dungeon Overview and Level Annotations

Branches:
Dungeon (5/15)
 Temple: D:4-7

Altars:


Innate Abilities, Weirdness & Mutations

You are partially covered in slimy green scales. (AC +2)
You may emit foul miasma when damaged in melee.
You are immune to rotting.


Message History

Your chain mail prevents you from hitting the mummy.
The mummy is heavily damaged.
The kobold zombie hits you but does no damage.
The mummy hits you but does no damage. The mummy closely misses you.
You hit the mummy.
The mummy is heavily damaged.
The kobold zombie hits you but does no damage.
The mummy hits you!
You barely miss the mummy.
The mummy is heavily damaged.
The mummy hits you but does no damage.
The kobold zombie hits you but does no damage.
You hit the mummy.
The mummy is heavily damaged.
The mummy hits you!
* * * LOW HITPOINT WARNING * * *
The kobold zombie hits you but does no damage.
You feel very mighty all of a sudden. The mummy hits you!
You die...

#....#
#....#
#....#
#....#
#....#
#....#
#Z...#
#MZ..#
#@M∩.#
######


You could see 2 mummies, a kobold zombie and an orc zombie.

Vanquished Creatures
  2 big kobolds (Sewer)
  A jelly (D:5)
  Ijyb (D:2)
  Terence (D:3)
  A mummy (D:5)
  4 adders
  2 oozes (Sewer)
  2 worms (D:2)
  A dart slug (D:2)
  6 leopard geckos
  6 giant cockroaches (D:3)
  A gnoll zombie (Ossuary)
  11 goblins
  9 hobgoblins
  17 kobolds
  6 ball pythons
  8 bats
  10 frilled lizards
  A hobgoblin zombie (Ossuary)
  A kobold zombie (Ossuary)
  2 orc zombies (Ossuary)
  9 rats
102 creatures vanquished.

Notes
Turn   | Place    | Note
-------+----------+-------------------------------------------
     0 | D:1      | KleinerIrrer the Demonspawn Gladiator began the quest for the Orb.
     0 | D:1      | Reached XP level 1. HP: 16/16 MP: 1/1
   635 | D:1      | Gained mutation: You are immune to rotting. [demonic ancestry]
   635 | D:1      | Reached XP level 2. HP: 22/22 MP: 2/2
   902 | D:2      | Reached XP level 3. HP: 10/27 MP: 3/3
  1512 | D:2      | Reached skill level 1 in Armour
  1936 | D:2      | Noticed Ijyb
  1949 | D:2      | Gained mutation: You are partially covered in slimy green scales. (AC +2) [demonic ancestry]
  1949 | D:2      | Reached XP level 4. HP: 31/34 MP: 4/4
  1968 | D:2      | Killed Ijyb
  2185 | D:3      | Noticed Terence
  2199 | D:3      | Killed Terence
  2199 | D:3      | Reached skill level 2 in Armour
  2313 | D:3      | Gained mutation: You may emit foul miasma when damaged in melee. [demonic ancestry]
  2313 | D:3      | Reached XP level 5. HP: 37/40 MP: 5/5
  2377 | D:3      | Found a glowing drain.
  2411 | Sewer    | Entered a sewer
  2461 | Sewer    | Reached skill level 3 in Armour
  2678 | Sewer    | Reached XP level 6. HP: 30/47 MP: 4/6
  2973 | D:3      | You fall through a shaft for 2 floors!
  2973 | D:5      | Entered Level 5 of the Dungeon
  3001 | D:5      | Reached skill level 4 in Armour
  3036 | D:5      | Found a sand-covered staircase.
  3045 | Ossuary  | Entered an ossuary
  3086 | Ossuary  | Slain by a mummy

Skill      XL: |  1  2  3  4  5  6 |
---------------+-------------------+-----
Dodging        | 3 |  3.6
Staves         | 3 |  3.3
Armour         | 1 2 3 4 |  4.2
Fighting       | 3 |  3.5
Throwing       | |  1.7

Action                   |  1- 3 |  4- 6 || total
-------------------------+-------+-------++-------
Melee: Quarterstaff      |    69 |       ||    69
       Whip              |    54 |   262 ||   316
  Use: Scroll            |       |     6 ||     6
       Potion            |       |     1 ||     1
  Eat: Chunk             |     3 |     4 ||     7
Armor: Leather armour    |    21 |       ||    21
       Chain mail        |    16 |   202 ||   218
Dodge: Dodged            |    83 |   158 ||   241
